[Event "Late-Titled-Tuesday-Blitz-February-27-2024"]
[Site "Chess.com"]
[Date "2024.02.27"]
[Round "1"]
[White "bazar-wokzal"]
[Black "Sacbutt"]
[Result "1/2-1/2"]
[WhiteElo "2624"]
[BlackElo "2337"]
[TimeControl "180+1"]
[EndTime "14:09:35 PST"]
[Termination "Game drawn by stalemate"]

1. e4 c5 2. c3 d5 3. exd5 Qxd5 4. d4 Nf6 5. Nf3 Nc6 6. Be3 cxd4 7. cxd4 e6 8. a3 Be7 9. Nc3 Qd6 10. Bd3 O-O 11. Qc2 h6 12. O-O b6 13. Ne4 Nxe4 14.
Bxe4 Bb7 15. Rac1 Rfc8 16. Qd2 Bf8 17. Bf4 Qd7 18. d5 exd5 19. Qxd5 Qxd5 20. Bxd5 Na5 21. Bxb7 Nxb7 22. Rfd1 Rxc1 23. Rxc1 Nc5 24. Be3 a5 25. h4 Re8 26. h5 Re4 27. Kf1 g6 28. hxg6 fxg6 29.
Nd2 Re6 30. b4 axb4 31. axb4 Nd3 32. Rc8 Nxb4 33. Bxh6 Rf6 34. Ne4 Rf7 35. Ng5 Rf6 36. Ne4 Rf7 37. Nd6 Rf6 38. Ne8 Rf7 39. Bxf8 Rxf8 40.
Nf6+ Kf7 41. Rxf8+ Kxf8 42. Nd7+ Kf7 43. Nxb6 Nc6 44.
Ke2 Kf6 45. Ke3 Ne5 46. f3 g5 47. Ke4 Ng6 48. Nd7+ Ke6 49. Nc5+ Kf6 50. Nd3 Nh4 51. Ne1 Ke6 52. g3 Nf5 53. g4 Nd6+ 54. Kd4 Nb5+ 55.
Ke3 Nd6 56. Nd3 Nc4+ 57. Kd4 Nd2 58. Ke3 Nc4+ 59. Ke2 Kf6 60. Nf2 Ne5 61. Ne4+ Kg6 62. Ke3 Nc4+ 63. Kd4 Nb2 64. Nc3 Kf6 65. Ne4+ Kg6 66.
Nd6 Nd1 67. Ke5 Ne3 68. Ke4 Ng2 69. Nc4 Nf4 70. Ke5 Nd3+ 71. Kd4 Nf4 72. Ne5+ Kf6 73.
Nd7+ Kg6 74. Nc5 Kf6 75. Ke4 Kg6 76. Nd3 Ng2 77. Ke5 Ne3 78. Ke6 Ng2 79. Ne5+ Kh6 80.
Kf6 Ne1 81. Nf7+ Kh7 82. Nxg5+ Kg8 83. Ke5 Kg7 84. f4 Kg6 85. Ne4 Nd3+ 86. Kd4 Nxf4 87. Ke3 Nh3 88. Kf3 Ng5+ 89. Kf4 Nxe4 90. Kxe4 Kg5 91. Kf3 Kg6 92. Kg3 Kg5 93. Kh3 Kg6 94. Kh4 Kh6 95. g5+ Kg6 96. Kg4 Kg7 97. Kf5 Kf7 98. g6+ Kg7 99. Kg5 Kg8 100. Kh6 Kh8 101. g7+ Kg8 102. Kg6 1/2-1/2

[Event "Late-Titled-Tuesday-Blitz-February-27-2024"]
[Site "Chess.com"]
[Date "2024.02.27"]
[Round "1"]
[White "Eeleyah"]
[Black "Fh2411"]
[Result "1/2-1/2"]
[WhiteElo "2330"]
[BlackElo "2622"]
[TimeControl "180+1"]
[EndTime "14:09:58 PST"]
[Termination "Game drawn by repetition"]

1. d4 d5 2. c4 c6 3. Nc3 Nf6 4.
e3 a6 5. c5 Bf5 6. Nf3 Nbd7 7.
Bd2 Qc7 8. Be2 e5 9. O-O e4 10. Ne1 Be7 11. f3 exf3 12. gxf3 O-O 13. Bd3 Bg6 14.
Bxg6 hxg6 15. e4 dxe4 16. fxe4 Rad8 17. e5 Nh7 18. Ne4 Nxe5 19. dxe5 Qxe5 20. Qf3 Rd4 21. Bc3 Qxe4 22. Bxd4 Qxd4+ 23. Kh1 Bxc5 24. Nd3 Bd6 25. Rad1 Ng5 26. Qg2 Qh4 27. Nf2 Bb8 28. Ng4 Ne6 29. Rfe1 b5 30. Ne5 Nf4 31. Qg3 Qxg3 32. hxg3 Bxe5 33.
Rxe5 Nd5 34. Rc1 Nb4 35. Re7 Rc8 36. a3 Nd3 37. Rf1 f6 38. Rd1 Ne5 39. Rd6 a5 40.
b4 axb4 41. axb4 g5 42. Kg2 Ra8 43. g4 Ra2+ 44. Kg3 Ra3+ 45. Kg2 Rb3 46. Rd8+ Kh7 47. Rc8 Rb2+ 48. Kg3 Rxb4 49. Rcc7 Rxg4+ 50. Kh3 Rh4+ 51.
Kg3 Kg6 52. Rxg7+ Kf5 53. Rg8 Rc4 54. Rf8 Rc3+ 55. Kf2 b4 56. Rb7 b3 57. Ke2 Rc5 58. Rxb3 Rc2+ 59. Kd1 Ra2 60. Rb7 g4 61. Rh7 c5 62. Rh6 Nd7 63. Rf7 Ke6 64. Rg7 Ra4 65. Ke2 Re4+ 66. Kf2 Rd4 67. Rhh7 Ne5 68. Rh6 c4 69. Rc7 Kf5 70. Kg3 Kg5 71. Rh8 Rd3+ 72. Kg2 c3 73. Rg8+ Kf4 74. Rf8 f5 75. Rc5 Rd2+ 76. Kf1 c2 77. Rfc8 Rd1+ 78. Ke2 c1=Q 79. Rxc1 Rxc1 80. Rxc1 Nf3 81. Rc4+ Kg3 82. Kf1 f4 83.
Rb4 Nd2+ 84. Ke2 Nf3 85. Rb3 Kg2 86. Rb4 Kg3 87. Rb3 Kh4 88. Rb4 Kg5 89. Rb5+ Kf6 90. Kf2 Ne5 91. Ra5 Kf5 92. Rb5 g3+ 93. Kg2 Ke4 94. Rb4+ Ke3 95. Rb3+ Nd3 96. Ra3 Ke2 97. Ra2+ Ke3 98. Ra3 Ke4 99. Ra4+ Ke3 100. Ra3 1/2-1/2

[Event "Late-Titled-Tuesday-Blitz-February-27-2024"]
[Site "Chess.com"]
[Date "2024.02.27"]
[Round "2"]
[White "Smile2005"]
[Black "fandebobbyfischer"]
[Result "1-0"]
[WhiteElo "2405"]
[BlackElo "2700"]
[TimeControl "180+1"]
[EndTime "14:12:17 PST"]
[Termination "Smile2005 won by resignation"]

1. e4 g6 2. d4 Bg7 3. Nf3 d6 4. Be2 Nf6 5. Nc3 O-O 6. h3 c6 7. Be3 a5 8. a4 Na6 9. Qd2 Nb4 10. O-O Qc7 11. Rad1 e5 12. dxe5 dxe5 13. Bc5 Re8 14. Bc4 Be6 15. Bd6 Qb6 16. Bxe6 Rxe6 17. Bxe5 Nxe4 18. Nxe4 Bxe5 19. Nxe5 Rxe5 20. Nf6+ Kg7 21. Nd7 Qc5 1-0

[Event "Late-Titled-Tuesday-Blitz-February-27-2024"]
[Site "Chess.com"]
[Date "2024.02.27"]
[Round "2"]
[White "PapaieDudu"]
[Black "DuleMudule"]
[Result "0-1"]
[WhiteElo "2405"]
[BlackElo "2855"]
[TimeControl "180+1"]
[EndTime "14:12:51 PST"]
[Termination "DuleMudule won by resignation"]

1. Nf3 d5 2. d4 Bf5 3. c4 e6 4.
Nc3 Nc6 5. a3 a6 6. Bg5 Be7 7.
Bxe7 Ncxe7 8. e3 Nf6 9. Be2 O-O 10. O-O c6 11. Rc1 Ng6 12. h3 Ne4 13. Nd2 Nxc3 14. Rxc3 e5 15. b4 exd4 16. exd4 dxc4 17. Nxc4 Nf4 18. Bf3 Qg5 19. Kh2 Rad8 20. Ne3 Be6 21. Qd2 Qf6 22. Rd1 Nxh3 23. Ng4 Bxg4 24. Bxg4 Nxf2 25.
Bf3 0-1

[Event "Late-Titled-Tuesday-Blitz-February-27-2024"]
[Site "Chess.com"]
[Date "2024.02.27"]
[Round "2"]
[White "Orion2127989"]
[Black "dolynachess"]
[Result "0-1"]
[WhiteElo "2150"]
[BlackElo "2459"]
[TimeControl "180+1"]
[EndTime "14:13:05 PST"]
[Termination "dolynachess won by resignation"]

1. d4 Nf6 2. Nf3 g6 3. Bg5 Bg7 4.
Nbd2 c5 5. e3 O-O 6. c3 d5 7. Bd3 Nc6 8. O-O Qb6 9. Rb1 Re8 10. Re1 Nd7 11. Bf4 e5 12. dxe5 Ndxe5 13. Nxe5 Nxe5 14. Be2 Bf5 15. Ra1 Qxb2 16. Qb3 Qxd2 0-1

[Event "Late-Titled-Tuesday-Blitz-February-27-2024"]
[Site "Chess.com"]
[Date "2024.02.27"]
[Round "2"]
[White "rikchessmx"]
[Black "Cambek64"]
[Result "0-1"]
[WhiteElo "2213"]
[BlackElo "2486"]
[TimeControl "180+1"]
[EndTime "14:13:15 PST"]
[Termination "Cambek64 won by resignation"]

1. e4 e6 2. d4 d5 3. Nc3 Nc6 4. e5 Nge7 5. f4 Nf5 6. Nf3 b6 7. Bd3 Ncxd4 8. Nxd4 Nxd4 9. Bxh7 Qh4+ 10. g3 Qxh7 11.
Qxd4 Qxc2 12. Bd2 Bc5 13. Qa4+ Qxa4 14. Nxa4 Be7 15. b4 Bd7 16. Nb2 c5 17. a3 a5 18.
bxa5 bxa5 19. Na4 Bxa4 0-1

[Event "Late-Titled-Tuesday-Blitz-February-27-2024"]
[Site "Chess.com"]
[Date "2024.02.27"]
[Round "2"]
[White "1977Ivan"]
[Black "Nick12772"]
[Result "1-0"]
[WhiteElo "2736"]
[BlackElo "2390"]
[TimeControl "180+1"]
[EndTime "14:13:29 PST"]
[Termination "1977Ivan won by resignation"]

1. d4 Nf6 2. Nf3 g6 3. Nbd2 d5 4. e3 Bg7 5. b4 O-O 6. c4 c6 7.
Be2 Bg4 8. O-O Nbd7 9. a4 a6 10.
Ba3 Re8 11. b5 axb5 12. axb5 dxc4 13. Bxc4 Nb6 14. Bxf7+ Kxf7 15. Ne5+ Kg8 16. Nxg4 Nxg4 17. Qxg4 cxb5 18. Qe6+ Kh8 19. Nf3 Nc4 20. Ng5 Rf8 21. Bxe7 Rxa1 22. Rxa1 1-0

[Event "Late-Titled-Tuesday-Blitz-February-27-2024"]
[Site "Chess.com"]
[Date "2024.02.27"]
[Round "2"]
[White "Bala-Afiada"]
[Black "giomar27"]
[Result "0-1"]
[WhiteElo "1911"]
[BlackElo "2414"]
[TimeControl "180+1"]
[EndTime "14:13:29 PST"]
[Termination "giomar27 won by resignation"]

1. d4 Nf6 2. c4 c5 3. d5 b5 4. cxb5 a6 5. b6 d6 6. Nc3 Nbd7 7. Nf3 Rb8 8. e4 g6 9. a4 Rxb6 10. Be2 Bg7 11. O-O O-O 12. h3 Rb4 13. Qc2 Bb7 14. Bd2 e6 15. dxe6 fxe6 16. Rfd1 Nxe4 17.
Nxe4 Bxe4 18. Bd3 Rxb2 19. Qc4 d5 20. Qxa6 Rb6 0-1

[Event "Late-Titled-Tuesday-Blitz-February-27-2024"]
[Site "Chess.com"]
[Date "2024.02.27"]
[Round "2"]
[White "elchacal664"]
[Black "jk13"]
[Result "0-1"]
[WhiteElo "2422"]
[BlackElo "2697"]
[TimeControl "180+1"]
[EndTime "14:13:37 PST"]
[Termination "jk13 won by resignation"]

1. Nf3 Nf6 2. g3 e6 3. b3 d5 4.
Bb2 a5 5. Bg2 a4 6. O-O a3 7. Bc1 Be7 8. d3 O-O 9. c4 b6 10. Qc2 Bb7 11. Bf4 Nc6 12. Nbd2 Nb4 13. Qc3 c5 14. h3 Nd7 15. e4 d4 16. Qc1 Nxd3 17. Qc2 Nxf4 18. gxf4 Qc7 19. e5 f6 20. exf6 Bxf6 21. Ne4 Qxf4 0-1

[Event "Late-Titled-Tuesday-Blitz-February-27-2024"]
[Site "Chess.com"]
[Date "2024.02.27"]
[Round "2"]
[White "ATM622"]
[Black "DeTimmerman"]
[Result "0-1"]
[WhiteElo "2527"]
[BlackElo "2746"]
[TimeControl "180+1"]
[EndTime "14:13:41 PST"]
[Termination "DeTimmerman won by resignation"]

1. d4 Nf6 2. c4 e6 3. g3 d5 4. Bg2 Be7 5. Nf3 O-O 6. O-O dxc4 7. Ne5 Nc6 8. Bxc6 bxc6 9. Nxc6 Qe8 10. Nxe7+ Qxe7 11.
Qc2 a5 12. b3 cxb3 13. axb3 Nd5 14. Ba3 Nb4 15. Bxb4 Qxb4 16. Qxc7 Ba6 17. Qxa5 Qxd4 18. Qc3 Qd5 19. Qe3 Bb7 0-1

[Event "Late-Titled-Tuesday-Blitz-February-27-2024"]
[Site "Chess.com"]
[Date "2024.02.27"]
[Round "2"]
[White "Nemsko"]
[Black "Binary010"]
[Result "0-1"]
[WhiteElo "2399"]
[BlackElo "2824"]
[TimeControl "180+1"]
[EndTime "14:13:48 PST"]
[Termination "Binary010 won by resignation"]

1. e4 c5 2. Nf3 e6 3. d4 cxd4 4. Nxd4 Nf6 5. Nc3 Nc6 6. a3 Be7 7. Be3 O-O 8. Be2 d6 9. O-O a6 10. f3 d5 11. exd5 Nxd5 12. Nxd5 Qxd5 13. Nb3 Qe5 14.
Qc1 Bd6 15. f4 Qf6 16. c3 Rd8 17. Qc2 Bc7 18. Nd4 Bd7 19. Bd3 g6 20. Rad1 Bb6 21. Qf2 Nxd4 22. cxd4 Ba4 23. Rd2 Bxd4 24. Be4 Bxe3 25.
Qxe3 Rxd2 26. Qxd2 Rd8 27. Qe2 Bb5 0-1

[Event "Late-Titled-Tuesday-Blitz-February-27-2024"]
[Site "Chess.com"]
[Date "2024.02.27"]
[Round "2"]
[White "mac0504"]
[Black "cthulhuuu"]
[Result "1-0"]
[WhiteElo "2706"]
[BlackElo "2434"]
[TimeControl "180+1"]
[EndTime "14:13:53 PST"]
[Termination "mac0504 won by checkmate"]

1. c4 Nf6 2. Nc3 g6 3. e4 d6 4. d4 Bg7 5. Be2 O-O 6. Be3 e5 7. d5 a5 8. h4 h5 9. Nh3 Na6 10. Ng5 Nd7 11. g4 hxg4 12. Bxg4 Ndc5 13. h5 Bf6 14. Nh7 Kxh7 15. hxg6+ Kg8 16. Bxc8 Rxc8 17.
Qh5 fxg6 18. Qh7# 1-0

[Event "Late-Titled-Tuesday-Blitz-February-27-2024"]
[Site "Chess.com"]
[Date "2024.02.27"]
[Round "2"]
[White "Ar4uha"]
[Black "Sargsyan_Shant"]
[Result "0-1"]
[WhiteElo "2588"]
[BlackElo "2910"]
[TimeControl "180+1"]
[EndTime "14:13:58 PST"]
[Termination "Sargsyan_Shant won by resignation"]

1. e4 c6 2. d4 d5 3. exd5 cxd5 4. Bd3 Nf6 5. h3 Nc6 6. c3 e5 7. dxe5 Nxe5 8. Nf3 Nxd3+ 9. Qxd3 Bd6 10. O-O O-O 11.
Be3 Ne4 12. Nd4 Re8 13. Nd2 a6 14. Rfe1 h6 15. Rad1 Bd7 16. N4b3 Nf6 17. Bd4 Rxe1+ 18. Rxe1 Bc6 19. Qf5 Ne4 20. Nxe4 dxe4 21. Nc5 g6 22. Qg4 h5 0-1

[Event "Late-Titled-Tuesday-Blitz-February-27-2024"]
[Site "Chess.com"]
[Date "2024.02.27"]
[Round "2"]
[White "Peroncio"]
[Black "AungTZ"]
[Result "1-0"]
[WhiteElo "2439"]
[BlackElo "2049"]
[TimeControl "180+1"]
[EndTime "14:14:02 PST"]
[Termination "Peroncio won by resignation"]

1. e4 c5 2. Nf3 Nc6 3. d4 cxd4 4. Nxd4 d6 5. c4 Nf6 6. Nc3 e6 7.
Be3 Be7 8. Be2 O-O 9. O-O a6 10. Rc1 Bd7 11. a3 Nxd4 12. Bxd4 Bc6 13. f3 d5 14. cxd5 exd5 15. e5 Ne8 16. f4 f5 17. Bf3 Qd7 18. Bb6 Nc7 19. Bxc7 Qxc7 20. Nxd5 Qd8 21. Nxe7+ Qxe7 22. Bxc6 bxc6 23. Rxc6 Kh8 24. Qd6 Qa7+ 25. Kh1 Rfd8 26. Qc5 Qb7 27. b4 a5 28. b5 Qf7 29. h3 h6 30. e6 Qe8 31. Qxf5 Rd3 32. Qxd3 1-0

[Event "Late-Titled-Tuesday-Blitz-February-27-2024"]
[Site "Chess.com"]
[Date "2024.02.27"]
[Round "2"]
[White "Fonsofan"]
[Black "Practical-Play"]
[Result "1-0"]
[WhiteElo "2753"]
[BlackElo "2529"]
[TimeControl "180+1"]
[EndTime "14:14:06 PST"]
[Termination "Fonsofan won by resignation"]

1. b4 e5 2. Bb2 Bxb4 3. Bxe5 Nf6 4. Nf3 Nc6 5. Bc3 Be7 6. e3 O-O 7. Be2 d5 8. d3 Bd6 9. Nbd2 Re8 10. Qb1 Ne5 11. Nxe5 Bxe5 12. Bxe5 Rxe5 13. c4 b6 14. d4 Re8 15. O-O dxc4 16. Bf3 Rb8 17. Nxc4 Bb7 18. Bxb7 Rxb7 19. Rc1 Qd5 20. a4 c5 21. Qb5 cxd4 22.
Qxd5 Nxd5 23. Nd6 Rbe7 24. Nxe8 Rxe8 25. Rd1 dxe3 26. Rxd5 e2 27. Re1 1-0

[Event "Late-Titled-Tuesday-Blitz-February-27-2024"]
[Site "Chess.com"]
[Date "2024.02.27"]
[Round "2"]
[White "Alex_Sahakyan2006"]
[Black "CheckBits"]
[Result "1-0"]
[WhiteElo "2805"]
[BlackElo "2393"]
[TimeControl "180+1"]
[EndTime "14:14:12 PST"]
[Termination "Alex_Sahakyan2006 won by resignation"]

1. e4 e5 2. Nf3 Nc6 3. Nc3 Nf6 4. d4 exd4 5. Nxd4 Bb4 6. Nxc6 bxc6 7. Bd3 O-O 8. O-O d5 9. exd5 cxd5 10. h3 h6 11. Qf3 c6 12. Bf4 Bd6 13. Ne2 Rb8 14. b3 Re8 15. Rad1 Bxf4 16. Qxf4 Qb6 17. Nd4 a5 18.
Nxc6 Qxc6 19. Qxb8 Bg4 20. Qb5 Qxb5 21. Bxb5 Bxd1 22. Bxe8 Bxc2 23. Rc1 Bf5 24. Bb5 d4 25. Rd1 1-0

[Event "Late-Titled-Tuesday-Blitz-February-27-2024"]
[Site "Chess.com"]
[Date "2024.02.27"]
[Round "2"]
[White "ElHelvetico"]
[Black "carloseduar100"]
[Result "1-0"]
[WhiteElo "2749"]
[BlackElo "2392"]
[TimeControl "180+1"]
[EndTime "14:14:12 PST"]
[Termination "ElHelvetico won by resignation"]

1. c4 Nf6 2. Nc3 g6 3. e4 Bg7 4. Nf3 d6 5. d4 O-O 6. Be2 Nbd7 7. O-O e5 8. d5 a6 9. h3 Nc5 10. Qc2 a5 11. Be3 b6 12. b3 Nh5 13. a3 Nf4 14. b4 Nxe2+ 15. Qxe2 axb4 16. axb4 Rxa1 17. Rxa1 Nb3 18. Rb1 Nd4 19. Bxd4 exd4 20. Nb5 Re8 21. Nbxd4 f5 22. Nc6 Qf6 23. Nd2 fxe4 24. Nxe4 Qf4 25. Nf6+ Qxf6 26. Qxe8+ Qf8 27. Ne7+ Kh8 28. Qxf8+ 1-0

[Event "Late-Titled-Tuesday-Blitz-February-27-2024"]
[Site "Chess.com"]
[Date "2024.02.27"]
[Round "2"]
[White "olawsson"]
[Black "KorolDimitriy75"]
[Result "0-1"]
[WhiteElo "2124"]
[BlackElo "2437"]
[TimeControl "180+1"]
[EndTime "14:14:18 PST"]
[Termination "KorolDimitriy75 won by resignation"]

1. d4 Nf6 2. c4 c5 3. d5 b5 4.
cxb5 a6 5. b6 d6 6. Nc3 Nbd7 7.
Nf3 g6 8. a4 a5 9. e4 Bg7 10.
Bb5 O-O 11. Qe2 Nxb6 12. Nd2 e6 13. dxe6 Bxe6 14. O-O d5 15. exd5 Nfxd5 16. Nxd5 Bxd5 17. Ra3 Qf6 18. Re1 Rfd8 19. Nf3 h6 20. h3 Kh7 21.
Ne5 Ra7 22. Nc6 Bxc6 23. Bxc6 Qxc6 0-1

[Event "Late-Titled-Tuesday-Blitz-February-27-2024"]
[Site "Chess.com"]
[Date "2024.02.27"]
[Round "2"]
[White "Hikaru"]
[Black "manitodeplomo"]
[Result "1-0"]
[WhiteElo "3231"]
[BlackElo "2665"]
[TimeControl "180+1"]
[EndTime "14:14:28 PST"]
[Termination "Hikaru won by resignation"]

1. h3 d5 2. d4 Nf6 3. Bf4 e6 4. e3 Be7 5. c4 O-O 6. Nc3 b6 7. cxd5 Nxd5 8. Nxd5 Qxd5 9. Ne2 Ba6 10. Nc3 Qa5 11.
Bxc7 Rc8 12. Bxa6 Nxa6 13. Be5 Ba3 14. Qg4 g6 15. O-O Be7 16. Qe2 Nb4 17. a3 Nd5 18.
Nxd5 Qxd5 19. Rfc1 f6 20. Bg3 Qb3 21. Bc7 Kf7 22.
Rc3 Qd5 23. Rac1 b5 24. Ba5 Rxc3 25. Rxc3 Rb8 26. Rc7 Rb7 27. e4 1-0

[Event "Late-Titled-Tuesday-Blitz-February-27-2024"]
[Site "Chess.com"]
[Date "2024.02.27"]
[Round "2"]
[White "SpeedofLight0"]
[Black "NoHeThTo"]
[Result "1-0"]
[WhiteElo "3065"]
[BlackElo "2632"]
[TimeControl "180+1"]
[EndTime "14:14:29 PST"]
[Termination "SpeedofLight0 won by resignation"]

1. c4 Nf6 2. Nf3 g6 3. Nc3 Bg7 4. e4 d6 5. d4 O-O 6. h3 e5 7. Be3 exd4 8. Nxd4 Re8 9. Bd3 c6 10. O-O Nbd7 11. Qc2 Nc5 12. Rad1 Nfd7 13. f4 Nxd3 14. Qxd3 Nc5 15. Qc2 Qh4 16. Nf3 Qg3 17. Ne2 Nxe4 18. Nxg3 Nxg3 19. Rfe1 Bf5 20. Qb3 Re7 21. Bd4 Bxd4+ 22.
Nxd4 Ne4 23. Nxf5 gxf5 24. Rxd6 Rae8 25. Rdd1 Kf8 26. Qa3 Kg8 27. Rd8 Rxd8 28. Qxe7 Rd2 29. Qxb7 Kg7 30. Qxc6 Rxb2 31. Qd5 Rxa2 32. Qxf5 1-0

[Event "Late-Titled-Tuesday-Blitz-February-27-2024"]
[Site "Chess.com"]
[Date "2024.02.27"]
[Round "2"]
[White "ArturoCaceres"]
[Black "JosephRyan"]
[Result "1-0"]
[WhiteElo "2474"]
[BlackElo "2181"]
[TimeControl "180+1"]
[EndTime "14:14:32 PST"]
[Termination "ArturoCaceres won by resignation"]

1. b3 d5 2. Bb2 Nf6 3. Nf3 Bg4 4. e3 e6 5. Be2 Be7 6. Ne5 Bxe2 7. Qxe2 Nbd7 8. f4 O-O 9. O-O Nxe5 10. fxe5 Ne4 11. d3 Nc5 12. e4 d4 13. Qf2 Nd7 14. Bxd4 c5 15. Bb2 Qc7 16. Qg3 f6 17. exf6 Qxg3 18. hxg3 Bxf6 19. Bxf6 Rxf6 20. Nd2 Raf8 21. Rxf6 gxf6 22.
Rf1 Ne5 23. Nc4 Nxc4 24. bxc4 Kg7 25. Rb1 b6 26. Kf2 Rd8 27. a4 f5 28. exf5 exf5 29.
a5 Rd6 30. axb6 axb6 31. Kf3 Kf6 32. Rh1 Kg6 33. Re1 Rd4 34. Re6+ Kg5 35. Rxb6 h5 36. Rc6 h4 37. gxh4+ Rxh4 38. Rxc5 Rf4+ 39. Kg3 Rg4+ 40. Kh2 1-0

[Event "Late-Titled-Tuesday-Blitz-February-27-2024"]
[Site "Chess.com"]
[Date "2024.02.27"]
[Round "2"]
[White "Msb2"]
[Black "CrushingKings"]
[Result "1-0"]
[WhiteElo "3020"]
[BlackElo "2620"]
[TimeControl "180+1"]
[EndTime "14:14:38 PST"]
[Termination "Msb2 won by resignation"]

1. d4 g6 2. c4 Bg7 3. e4 d6 4. Nc3 Nd7 5. Nf3 e5 6. Be2 exd4 7. Nxd4 Ngf6 8. Be3 O-O 9. O-O Re8 10. Qc2 c6 11.
Rad1 Nc5 12. Nxc6 Qc7 13. Nd4 Ncxe4 14. Nxe4 Nxe4 15. Bf3 Bf5 16. Nxf5 gxf5 17. Rd5 Be5 18. g3 Rac8 19. b3 Nc3 20. Qxf5 Nxd5 21. Bxd5 Bg7 22. Qg4 Kh8 23. Be4 Qe7 24. Bf5 Rc5 25. Qh5 h6 26. Bxc5 dxc5 27. Bb1 Qg5 28. Qxf7 Rf8 29. Qxb7 h5 30. Qe4 Qh6 31. Kg2 Bd4 32. f4 h4 33.
Qg6 h3+ 34. Kf3 1-0

[Event "Late-Titled-Tuesday-Blitz-February-27-2024"]
[Site "Chess.com"]
[Date "2024.02.27"]
[Round "2"]
[White "ChadBiryani"]
[Black "cthake"]
[Result "1-0"]
[WhiteElo "2410"]
[BlackElo "1823"]
[TimeControl "180+1"]
[EndTime "14:14:41 PST"]
[Termination "ChadBiryani won by resignation"]

1. c4 e5 2. g3 Nc6 3. Bg2 d6 4.
Nc3 g6 5. Nf3 Bg7 6. O-O Nge7 7.
b3 O-O 8. Bb2 Be6 9. e3 Qd7 10.
d4 Bh3 11. dxe5 Bxg2 12. Kxg2 Nxe5 13. Nxe5 Bxe5 14. Qc2 Qc6+ 15. f3 Nf5 16. Rae1 Rfe8 17. Nd5 Re6 18. e4 Nd4 19. Qd2 Qc5 20. f4 Bg7 21. f5 Ree8 22. f6 c6 23. fxg7 Ne6 24.
Nf6+ Kxg7 25. Nxe8+ 1-0

[Event "Late-Titled-Tuesday-Blitz-February-27-2024"]
[Site "Chess.com"]
[Date "2024.02.27"]
[Round "2"]
[White "chessisveryfun1264"]
[Black "Polish_fighter3000"]
[Result "0-1"]
[WhiteElo "2638"]
[BlackElo "3088"]
[TimeControl "180+1"]
[EndTime "14:14:47 PST"]
[Termination "Polish_fighter3000 won by resignation"]

1. e4 e6 2. d4 g6 3. Nc3 Bg7 4. Be3 b6 5. f3 d5 6. e5 c5 7. f4 cxd4 8. Qxd4 Nc6 9. Bb5 Ne7 10. Nf3 Ba6 11. Bxc6+ Nxc6 12. Qa4 Bb7 13. Nb5 O-O 14. Nd6 Qc7 15. O-O a6 16. c4 Na5 17. Nxb7 Nxc4 18. Bd4 Qxb7 19. b3 b5 20. Qb4 a5 21. Qc3 b4 22. Qd3 Na3 23. Rac1 Nb5 24. Bc5 Rfc8 25. Ng5 Nc3 26. Bd6 Qa6 27. Qh3 h6 0-1

[Event "Late-Titled-Tuesday-Blitz-February-27-2024"]
[Site "Chess.com"]
[Date "2024.02.27"]
[Round "2"]
[White "Jenia84"]
[Black "fviana"]
[Result "1-0"]
[WhiteElo "2318"]
[BlackElo "2504"]
[TimeControl "180+1"]
[EndTime "14:14:48 PST"]
[Termination "Jenia84 won by resignation"]

1. Nf3 d5 2. d4 Nf6 3. b3 Bf5 4. Bb2 e6 5. Nbd2 Be7 6. g3 O-O 7. Bg2 h6 8. O-O c5 9. Ne5 cxd4 10. Bxd4 Nc6 11. Nxc6 bxc6 12. c4 a5 13. Rc1 a4 14.
cxd5 cxd5 15. Bxf6 Bxf6 16. e4 dxe4 17. Nxe4 axb3 18.
axb3 Bd4 19. g4 Bg6 20. Ng3 Qb6 21. Bxa8 Rxa8 22. Qf3 Ra2 23. Ne2 Bc5 24. Nf4 Bc2 25. Nh5 Qxb3 1-0

[Event "Late-Titled-Tuesday-Blitz-February-27-2024"]
[Site "Chess.com"]
[Date "2024.02.27"]
[Round "2"]
[White "ArtemDyachuk"]
[Black "Fjal"]
[Result "1-0"]
[WhiteElo "2681"]
[BlackElo "2279"]
[TimeControl "180+1"]
[EndTime "14:14:49 PST"]
[Termination "ArtemDyachuk won by resignation"]

1. d4 d6 2. Nf3 Bg4 3. e4 g6 4. Nc3 Bg7 5. Be3 Nf6 6. Qd2 Nbd7 7. O-O-O e5 8. h3 Bxf3 9. gxf3 Qe7 10. Ne2 a5 11. Bh6 Bxh6 12. Qxh6 a4 13. Nc3 a3 14. b3 exd4 15. Nb5 Ne5 16. Nxd4 Nc6 17. Bb5 Qe5 18. f4 Qc5 19. Qg7 Ke7 20. e5 dxe5 21. Nxc6+ bxc6 22. Bc4 Rhf8 23. fxe5 Qxe5 24. Rhe1 1-0

[Event "Late-Titled-Tuesday-Blitz-February-27-2024"]
[Site "Chess.com"]
[Date "2024.02.27"]
[Round "2"]
[White "Rashad_Zeynalli"]
[Black "FairChess_on_YouTube"]
[Result "0-1"]
[WhiteElo "2650"]
[BlackElo "3110"]
[TimeControl "180+1"]
[EndTime "14:14:54 PST"]
[Termination "FairChess_on_YouTube won by resignation"]

1. e4 c5 2. Nf3 e6 3. d4 cxd4 4. Nxd4 Nc6 5. Nc3 a6 6. Be3 Nf6 7. Qd2 e5 8. Nb3 Bb4 9. f3 d5 10. exd5 Bxc3 11. bxc3 Qxd5 12. O-O-O Qxd2+ 13. Rxd2 O-O 14. Nc5 Re8 15. Ne4 Nxe4 16. fxe4 Be6 17. Kb2 Rac8 18. Be2 Na5 19. Bb6 Nc4+ 20. Bxc4 Rxc4 21. Rhd1 h5 22. Rd8 Rxd8 23. Rxd8+ Kh7 24. Rb8 Rxe4 25. Rxb7 Re2 26. Bc7 f6 27. Rb6 Bf5 28. Rxa6 Rxg2 29. a4 Rxh2 30. a5 h4 31. Rd6 h3 32. a6 Rxc2+ 33. Kb3 h2 34. Rd1 Rd2 35. Ra1 Be4 0-1

[Event "Late-Titled-Tuesday-Blitz-February-27-2024"]
[Site "Chess.com"]
[Date "2024.02.27"]
[Round "2"]
[White "lluiss"]
[Black "Matalon"]
[Result "0-1"]
[WhiteElo "2144"]
[BlackElo "2456"]
[TimeControl "180+1"]
[EndTime "14:14:54 PST"]
[Termination "Matalon won by resignation"]

1. Nf3 Nf6 2. d4 g6 3. c4 Bg7 4. Nc3 O-O 5. g3 d6 6. Bg2 Nc6 7.
O-O Bg4 8. h3 Bxf3 9. Bxf3 Nd7 10.
Bxc6 bxc6 11. Be3 Rb8 12. b3 c5 13. Rc1 cxd4 14. Bxd4 Bxd4 15. Qxd4 Nc5 16. Nd5 c6 17.
Nc3 a5 18. Ne4 Nxe4 19. Qxe4 c5 20. h4 a4 21. Rc3 Qd7 22. h5 gxh5 23. Kg2 Qb7 24.
Qxb7 Rxb7 25. bxa4 Ra8 26. Rh1 Rxa4 27. Rxh5 Rxa2 28.
g4 Rxe2 29. Rch3 Rbb2 30. Rxh7 Rxf2+ 31. Kg1 Rfc2 32. Rh8+ Kg7 33. R8h7+ Kf6 34. Rf3+ Kg6 35. Rhxf7 Rb1+ 36. Rf1 Rxf1+ 37. Rxf1 Rxc4 0-1

[Event "Late-Titled-Tuesday-Blitz-February-27-2024"]
[Site "Chess.com"]
[Date "2024.02.27"]
[Round "2"]
[White "Eloist"]
[Black "campochess"]
[Result "1-0"]
[WhiteElo "2477"]
[BlackElo "2194"]
[TimeControl "180+1"]
[EndTime "14:14:55 PST"]
[Termination "Eloist won by resignation"]

1. e4 c5 2. Nf3 Nc6 3. Bb5 e5 4. O-O Bd6 5. c3 Nge7 6. Re1 O-O 7. d4 Qc7 8. d5 Nd8 9. a4 a6 10. Bf1 f5 11. exf5 Nxf5 12. Nbd2 Re8 13. Ne4 Nf7 14.
a5 Bf8 15. Nfd2 N5d6 16. Qh5 Nxe4 17. Nxe4 d6 18. Bd3 g6 19. Nf6+ Kg7 20. Nxe8+ 1-0

[Event "Late-Titled-Tuesday-Blitz-February-27-2024"]
[Site "Chess.com"]
[Date "2024.02.27"]
[Round "2"]
[White "Yahisalem"]
[Black "GilbertoHernandezAmura"]
[Result "0-1"]
[WhiteElo "1913"]
[BlackElo "2415"]
[TimeControl "180+1"]
[EndTime "14:14:59 PST"]
[Termination "GilbertoHernandezAmura won by resignation"]

1. e4 d5 2. exd5 Nf6 3. Nc3 Nxd5 4. Nxd5 Qxd5 5. d4 Nc6 6. Nf3 Bg4 7. Be2 O-O-O 8. c3 h5 9. h3 Bf5 10. Bf4 f6 11.
Qb3 Qe4 12. Be3 e5 13. O-O g5 14. dxe5 g4 15. Qc4 gxf3 16. Qxe4 Bxe4 17. gxf3 Bf5 18.
exf6 Bxh3 19. Rfe1 Bd6 20. f4 Rdf8 21. Kh2 Bg4 22.
f3 Bf5 23. Rg1 Rxf6 24. Rg5 Be6 25. Rag1 Rxf4 26. Bxf4 Bxf4+ 27. Kh1 Bxg5 28. Rxg5 Ne7 29. Re5 Kd7 30. Bb5+ c6 31. Ba4 Kd6 32. f4 Ng6 33. Rxe6+ Kxe6 34. Bc2 Nxf4 0-1